 Dungeon Crawl Stone Soup version 0.20-a0-214-gb74cb0e (webtiles) character file.

23471 tboon the Severer (level 12, -18/115 HPs)
             Began as a Minotaur Fighter on Nov 27, 2016.
             Was the Champion of Okawaru.
             Demolished by a komodo dragon (57 damage)
             ... on level 6 of the Lair of Beasts.
             The game lasted 00:48:59 (12649 turns).

tboon the Severer (Minotaur Fighter)               Turns: 12649, Time: 00:49:00

Health: -18/115    AC: 27    Str: 27    XL:     12   Next: 72%
Magic:  17/17      EV:  6    Int:  6    God:    Okawaru [******]
Gold:   1001       SH: 10    Dex: 13    Spells: 11/11 levels left

rFire  x . .     SeeInvis .     a - +4 war axe
rCold  + . .     Gourm    .     N - +7 shadow dragon scales "Omoubum" {MR+ Regen+ Str+2 Stlth++++}
rNeg   + . .     Faith    +     c - +0 shield
rPois  .         Spirit   .     (helmet unavailable)
rElec  .         Reflect  .     w - +1 cloak
rCorr  .         Harm     .     n - +2 pair of gloves {Str+3}
MR     +....                    D - +0 pair of boots {run}
Stlth  ++........               x - amulet of faith {Faith, !P}
                                B - ring of ice {rC+, rF-}
                                i - ring of positive energy {rN+}

@: lethally poisoned (-18 -> -28), quick
A: retaliatory headbutt, horns 3
a: Heroism, Finesse, Renounce Religion


You were on level 6 of the Lair of Beasts.
You worshipped Okawaru.
Okawaru was exalted by your worship.
You were hungry.

You visited 3 branches of the dungeon, and saw 17 of its levels.

You collected 1001 gold pieces.

Inventory:

Hand Weapons
 a - a +4 war axe (weapon)
 C - a +0 flail
   (You took it off an orc on level 5 of the Dungeon)
Armour
 c - a +0 shield (worn)
 n - a +2 pair of gloves of strength (worn)
   (Okawaru gifted it to you on level 4 of the Lair of Beasts)
 w - a +1 cloak (worn)
   (You found it on level 2 of the Dungeon)
 D - a +0 pair of boots of running (worn)
   (You found it on level 5 of the Lair of Beasts)
 N - the +7 shadow dragon scales "Omoubum" (worn) {MR+ Regen+ Str+2 Stlth++++}
   (You found it on level 1 of the Lair of Beasts)

   It affects your strength (+2).
   It affects your resistance to hostile enchantments.
   It increases your rate of regeneration.
   It makes you much more stealthy.
Jewellery
 i - a ring of positive energy (left hand) {rN+}
   (You took it off a gnoll on level 5 of the Dungeon)
 x - an amulet of faith (around neck) {Faith, !P}
   (You found it on level 10 of the Dungeon)
 B - a ring of ice (right hand) {rC+, rF-}
   (You found it on level 7 of the Dungeon)
Wands
 b - a wand of hasting (5/9)
   (You found it on level 7 of the Dungeon)
 j - a wand of confusion (20/48)
   (You found it on level 7 of the Dungeon)
 r - a wand of polymorph (17/24)
   (You found it on level 3 of the Lair of Beasts)
 v - a wand of confusion (16/48)
   (You found it on level 3 of the Lair of Beasts)
 K - a wand of digging (14/24)
   (You found it on level 8 of the Dungeon)
Scrolls
 g - 2 scrolls of fear
 l - 11 scrolls of teleportation
 s - 3 scrolls of fog
 t - 6 scrolls of remove curse
 y - a scroll of recharging
 z - a scroll of summoning
 H - 2 scrolls of blinking {!r}
 J - a scroll of magic mapping {!r}
Potions
 e - 2 potions of cancellation
 k - a potion of brilliance
 m - 3 potions of berserk rage {!q}
 q - 4 potions of heal wounds
 E - 3 potions of resistance
 F - 2 potions of might
 G - 3 potions of curing
 L - a potion of agility
 M - a potion of flight
Comestibles
 d - 4 chunks of flesh
 f - 10 bread rations
 h - 7 meat rations
 p - 5 beef jerkies
 u - 4 fruits
 O - 7 royal jellies


   Skills:
 + Level 13.1 Fighting
 * Level 17.7 Axes
 + Level 6.8 Armour
 - Level 3.6 Shields
 + Level 8.6 Invocations


You had 11 spell levels left.
You didn't know any spells.

Dungeon Overview and Level Annotations

Branches:
Dungeon (10/15)            Temple (1/1) D:7            Lair (6/6) D:9
  Swamp (0/4) Lair:4        Snake (0/4) Lair:2        Slime (0/5) Lair:6
    Orc: D:9-12

Altars:
Ashenzari
Fedhas
Gozag
Hepliaklqana
Kikubaaqudgha
Nemelex Xobeh
Okawaru
Qazlal
Ru
Sif Muna
Xom
Yredelemnul
Zin
The Shining One


Innate Abilities, Weirdness & Mutations

You reflexively headbutt those who attack you in melee.
You have a pair of large horns on your head.


Message History

The hippogriff is severely wounded.
You barely miss the water moccasin. The water moccasin closely misses you.
The dream sheep moves out of view. x2
A komodo dragon comes into view.
The komodo dragon hisses angrily.
You slash the hippogriff!
You kill the hippogriff!
Okawaru accepts your kill.
You slash the water moccasin!
The water moccasin bites you but does no damage.
The komodo dragon moves out of view.
The water moccasin bites you but does no damage.
A dream sheep comes into view.
The dream sheep bites you.
The dream sheep shake their wool and sparkle.
You feel drowsy...
You fall asleep.
The water moccasin bites you but does no damage.
The water moccasin bites you.
You wake up.
You are poisoned.
The water moccasin poisons you! The dream sheep bites you!
You see here a hippogriff corpse.
The dream sheep bleats!
You slice the dream sheep!!
You kill the dream sheep!
Okawaru accepts your kill.
You slash the water moccasin!
You feel sick. You block the water moccasin's attack.
The water moccasin bites you but does no damage.
You feel sick. The water moccasin bites you.
You feel sick.
You feel sick. The water moccasin bites you.
You are more poisoned.
The water moccasin poisons you!
You miss the water moccasin. You hit the water moccasin.
You feel sick.
The water moccasin bites you but does no damage. x2
You slash the water moccasin!
Your headbutt misses the water moccasin.
The water moccasin is heavily wounded.
You hit the water moccasin.
You feel sick. The water moccasin bites you.
You are more poisoned.
The water moccasin poisons you! You block the water moccasin's attack.
You feel sick.
The dream sheep bleats!
The dream sheep bites you.
The dream sheep shake their wool and sparkle.
You feel drowsy...
You fall asleep.
You feel very sick. The water moccasin barely misses you.
The water moccasin bites you but does no damage.
The dream sheep bites you!
You wake up.
The water moccasin bites you.
You are more poisoned.
The water moccasin poisons you! The water moccasin barely misses you.
You hit the dream sheep.
The dream sheep is lightly wounded.
You hit the water moccasin but do no damage.
You barely miss the water moccasin.
You feel sick. You block the dream sheep's attack.
The water moccasin bites you but does no damage. x2
You hit the dream sheep. You headbutt the dream sheep!
The dream sheep is severely wounded.
You slash the water moccasin! You hit the water moccasin.
You feel sick.
The water moccasin bites you but does no damage.
The dream sheep barely misses you. The water moccasin bites you.
You hit the dream sheep.
The dream sheep is severely wounded.
You hit the water moccasin. You miss the water moccasin.
You feel sick.
You block the water moccasin's attack. x2
You slash the dream sheep!
You kill the dream sheep!
Okawaru accepts your kill.
You slash the water moccasin!
You kill the water moccasin!
Okawaru accepts your kill.
You hit the water moccasin.
You kill the water moccasin!
Okawaru accepts your kill.
You feel sick.
Your shield and shadow dragon scales "Omoubum" prevent you from hitting the dream sheep.
Your headbutt misses the dream sheep.
You hit the komodo dragon but do no damage.
You slice the dream sheep!!
You feel sick.
The komodo dragon bites you but does no damage.
You block the dream sheep's attack. x2
You hit the dream sheep.
You kill the dream sheep!
Okawaru accepts your kill.
You slash the dream sheep! You slash the komodo dragon!
You feel sick.
The komodo dragon completely misses you.
You furiously retaliate!
You headbutt the komodo dragon!
The dream sheep bites you but does no damage.
Your shield and shadow dragon scales "Omoubum" prevent you from hitting the dream sheep.
The dream sheep is heavily wounded.
You slash the komodo dragon!
You feel sick. The komodo dragon bites you!
You slash the dream sheep!
The dream sheep is almost dead.
You slash the komodo dragon!
You feel sick.
The dream sheep shake their wool and sparkle.
You feel drowsy...
You fall asleep.
You feel sick. The komodo dragon bites you!!!
You wake up.
You die...

.. ...$... P##.#####
......
......#P#YY....
.........#..#. ...
#.P.. ...... Y.#
P..P.. #...# ..#
P..... ##...###Y.#
.P....##..†..l@†.#
P..#.........††.##
P.........>.........
..................#P.
.....[##....###..P#
......##....###..##
......#.#.....#....
..................?
.................


You could see a komodo dragon and 2 dream sheep.

Vanquished Creatures
  3 hydras
  2 hill giants (D:10)
  An ugly thing (D:7)
  4 elephants (Lair:4)
  A black mamba (Lair:3)
  7 spiny frogs
  Joseph (D:9)
  4 rime drakes
  5 komodo dragons
  A queen bee (Lair:3)
  A troll (D:7)
  A hornet (Lair:4)
  2 polar bears
  A two-headed ogre (D:8)
  2 slime creatures (Lair:6)
  3 dream sheep (Lair:6)
  6 hippogriffs
  3 wyverns (Lair:4)
  2 fire bats (Lair:5)
  8 yaks
  2 basilisks
  Duvessa (D:5)
  2 hell hounds (Lair:4)
  A soldier ant (D:6)
  3 nagas (Lair:2)
  10 water moccasins
  14 porcupines
  2 ice beasts
  An orc warrior (D:8)
  3 sky beasts
  2 black bears
  2 ogres
  A phantom (D:7)
  7 wolves (Lair:3)
  2 centaurs
  5 crocodiles
  5 bullfrogs
  Dowan (D:5)
  A wyvern skeleton (D:7)
  5 scorpions
  A water moccasin skeleton (D:7)
  28 killer bees
  5 howler monkeys
  3 electric eels (D:10)
  A crimson imp (D:7)
  3 lava snakes
  6 hounds
  4 jellies
  A bullfrog skeleton (D:6)
  5 orc priests
  6 orc wizards
  2 worker ants
  2 iguanas
  2 hound zombies (D:6)
  A hound skeleton (D:7)
  2 worker ant zombies
  6 gnolls
  A howler monkey skeleton (D:6)
  9 adders
  A shadow imp (D:5)
  An adder skeleton (D:5)
  2 worms
  2 dart slugs (D:1)
  6 leopard geckos
  28 orcs
  2 ball pythons (D:5)
  8 bats
  4 giant cockroaches
  8 goblins
  10 hobgoblins
  2 jackals (D:5)
  5 quokkas
  7 frilled lizards
  A jackal skeleton (D:7)
  6 kobolds
  A quokka skeleton (D:8)
  5 rats
  3 fungi
  2 plants (Lair:3)
320 creatures vanquished.

Vanquished Creatures (others)
  A human (D:3)
  2 fungi
  A plant (Lair:3)
4 creatures vanquished.

Grand Total: 324 creatures vanquished

Notes
Turn   | Place    | Note
-------+----------+-------------------------------------------
     0 | D:1      | tboon the Minotaur Fighter began the quest for the Orb.
     0 | D:1      | Reached XP level 1. HP: 19/19 MP: 0/0
   144 | D:1      | Reached skill level 3 in Axes
   166 | D:1      | Reached XP level 2. HP: 27/27 MP: 1/1
   336 | D:1      | Reached skill level 4 in Fighting
   935 | D:2      | Reached XP level 3. HP: 25/33 MP: 2/2
   936 | D:2      | Reached skill level 4 in Axes
  1329 | D:2      | Found a stormy altar of Qazlal.
  1338 | D:2      | Noticed an air elemental
  1339 | D:2      | Noticed an earth elemental
  1339 | D:2      | Noticed a fire elemental
  1339 | D:2      | Noticed a water elemental
  1447 | D:2      | Reached XP level 4. HP: 41/41 MP: 3/3
  1833 | D:3      | Found an ancient bone altar of Kikubaaqudgha.
  1838 | D:3      | Noticed a human
  1839 | D:3      | Killed a human
  2164 | D:3      | Reached skill level 5 in Axes
  2280 | D:3      | Reached XP level 5. HP: 43/47 MP: 4/4
  2293 | D:3      | Reached skill level 5 in Fighting
  2745 | D:4      | Reached skill level 6 in Axes
  3026 | D:4      | Found an ancient bone altar of Kikubaaqudgha.
  3026 | D:4      | Found a sacrificial altar of Ru.
  3040 | D:5      | Entered Level 5 of the Dungeon
  3048 | D:5      | Reached XP level 6. HP: 48/56 MP: 5/5
  3194 | D:5      | Reached skill level 6 in Fighting
  3194 | D:5      | Reached skill level 7 in Axes
  3258 | D:5      | Reached XP level 7. HP: 61/63 MP: 6/6
  3302 | D:5      | Noticed Duvessa
  3316 | D:5      | Noticed Dowan
  3319 | D:5      | Killed Duvessa
  3319 | D:5      | Reached skill level 8 in Axes
  3332 | D:5      | Killed Dowan
  3736 | D:6      | Reached skill level 7 in Fighting
  3806 | D:6      | Found an ancient bone altar of Kikubaaqudgha.
  3972 | D:6      | Reached skill level 9 in Axes
  4079 | D:6      | Reached XP level 8. HP: 44/73 MP: 7/7
  4271 | D:6      | Reached skill level 10 in Axes
  4849 | D:7      | Found a staircase to the Ecumenical Temple.
  4849 | D:7      | Noticed a cyan ugly thing
  4852 | Temple   | Entered the Ecumenical Temple
  4875 | Temple   | Became a worshipper of Warmaster Okawaru
  4902 | D:7      | Reached skill level 8 in Fighting
  4904 | D:7      | Killed a cyan ugly thing
  4904 | D:7      | Reached * piety under Okawaru
  4904 | D:7      | Reached skill level 11 in Axes
  4968 | D:7      | Noticed a troll
  4978 | D:7      | Killed a troll
  4978 | D:7      | Reached skill level 9 in Fighting
  4978 | D:7      | Reached XP level 9. HP: 54/83 MP: 8/8
  5237 | D:7      | Reached skill level 12 in Axes
  5240 | D:7      | Reached ** piety under Okawaru
  5425 | D:7      | Reached skill level 1 in Invocations
  5535 | D:7      | HP: 21/84 [poisoned by a killer bee]
  5796 | D:7      | Reached skill level 2 in Invocations
  6127 | D:8      | Found a shattered altar of Ashenzari.
  6153 | D:8      | Found a deep blue altar of Sif Muna.
  6227 | D:8      | Reached skill level 13 in Axes
  6464 | D:8      | Reached skill level 3 in Invocations
  6585 | D:8      | Reached *** piety under Okawaru
  6661 | D:9      | Reached skill level 10 in Fighting
  6662 | D:9      | HP: 15/85 [lava snake/glob of lava (20)]
  6662 | D:9      | HP: 3/85 [lava snake/glob of lava (12)]
  6815 | D:9      | Reached XP level 10. HP: 82/93 MP: 8/11
  6919 | D:9      | Noticed Joseph
  6931 | D:9      | Killed Joseph
  7003 | D:9      | Found a staircase to the Lair.
  7008 | D:9      | Found an opulent altar of Gozag.
  7177 | D:10     | Entered Level 10 of the Dungeon
  7324 | D:10     | Reached skill level 4 in Invocations
  7417 | D:10     | Noticed a hill giant
  7427 | D:10     | Killed a hill giant
  7427 | D:10     | Reached skill level 14 in Axes
  7455 | D:10     | HP: 20/94 [electric eel/bolt of electricity (14)]
  7647 | D:10     | Noticed a hill giant
  7666 | D:10     | Killed a hill giant
  7666 | D:10     | Reached **** piety under Okawaru
  8092 | Lair:1   | Entered Level 1 of the Lair of Beasts
  8232 | Lair:1   | Noticed a spiny frog
  8234 | Lair:1   | Noticed a five-headed hydra
  8303 | Lair:1   | Reached skill level 5 in Invocations
  8496 | Lair:1   | Noticed a spiny frog
  8508 | Lair:1   | Killed a spiny frog
  8508 | Lair:1   | Reached skill level 11 in Fighting
  8739 | Lair:1   | Killed a spiny frog
  8739 | Lair:1   | Reached ***** piety under Okawaru
  8764 | Lair:1   | Got smelly shadow dragon scales
  8775 | Lair:1   | Identified the +7 shadow dragon scales "Omoubum" {MR+ Regen+ Str+2 Stlth++++} (You found it on level 1 of the Lair of Beasts)
  9021 | Lair:1   | Killed a five-headed hydra
  9021 | Lair:1   | Reached skill level 15 in Axes
  9021 | Lair:1   | Reached XP level 11. HP: 92/102 MP: 12/14
  9098 | Lair:2   | Found a staircase to the Snake Pit.
  9521 | Lair:2   | Reached skill level 6 in Invocations
  9743 | Lair:2   | Noticed a seven-headed hydra
  9758 | Lair:2   | Killed a seven-headed hydra
 10226 | Lair:3   | Reached skill level 16 in Axes
 10358 | Lair:3   | Reached skill level 7 in Invocations
 10358 | Lair:3   | Reached skill level 12 in Fighting
 10456 | Lair:3   | Received a gift from Okawaru
 10667 | Lair:3   | Reached skill level 4 in Armour
 10882 | Lair:4   | Reached XP level 12. HP: 96/113 MP: 16/16
 11111 | Lair:4   | Found a deep blue altar of Sif Muna.
 11125 | Lair:4   | Reached skill level 5 in Armour
 11269 | Lair:4   | Noticed an eight-headed hydra
 11274 | Lair:4   | Gained mutation: You have a pair of large horns on your head. [potion of beneficial mutation]
 11283 | Lair:4   | Killed an eight-headed hydra
 11283 | Lair:4   | Reached ****** piety under Okawaru
 11283 | Lair:4   | Reached skill level 17 in Axes
 11283 | Lair:4   | Reached skill level 8 in Invocations
 11293 | Lair:4   | Found a staircase to the Swamp.
 11423 | Lair:4   | Received a gift from Okawaru
 11856 | Lair:5   | Reached skill level 6 in Armour
 11875 | Lair:5   | Identified a +0 pair of boots of running (You found it on level 5 of the Lair of Beasts)
 12521 | Lair:6   | Entered Level 6 of the Lair of Beasts
 12597 | Lair:6   | Found a staircase to the Slime Pits.
 12608 | Lair:6   | Reached skill level 13 in Fighting
 12649 | Lair:6   | Demolished by a komodo dragon

Vault maps used:
D:1:      dpeg_arrival_circle_labyrinth_c
D:2:      nicolae_qazlal_style_of_elements, first_bread
D:3:      tgw_kikubaaqudgha
D:4:      gammafunk_temple_overflow_statue
D:5:      interstate_on_off, hangedman_abyss_or_decor_stagger, uniq_duvessa
D:6:      basic_altar
D:7:      hangedman_cross_stitches
D:8:      kennysheep_mini, basic_altar
D:9:      nicolae_gozag_seed_capital, lair_entry_dummy, serial_park,
          serial_park_tiny_1, uniq_joseph
D:10:     serial_bayou, serial_bayou_shore_b, serial_bayou_pond_d,
          serial_bayou_pond_a, serial_bayou_ford_a, serial_bayou_pond_a,
          serial_bayou_pond_b
Temple:   regret_index_temple_sphere_string
Lair:1:   columned_hall_lemuel, infiniplex_staircase_pool
Lair:2:   statuecave_lemuel, guppyfry_snake_entry_island
Lair:3:   beast_lair_carwin_large_2, special_room, serial_bayou_shore_b,
          grunt_megastairs_1
Lair:4:   swamp_mist, enter_volcano_3, basic_altar, st_stairs_5,
          beast_lair_carwin_2
Lair:6:   hangedman_lair_tendril_chambers, minmay_slime_entry_pillars

Skill      XL: |  1  2  3  4  5  6  7  8  9 10 11 12 |
---------------+-------------------------------------+-----
Axes           | 3 4 5 6 7 9 11 13 15 16 17 | 17.7
Fighting       | 4 5 6 7 9 10 11 12 13 | 13.1
Invocations    | 3 5 7 8 |  8.6
Armour         | 4 6 |  6.8
Shields        | |  3.6

Action                   |  1- 3 |  4- 6 |  7- 9 | 10-12 || total
-------------------------+-------+-------+-------+-------++-------
Melee: War axe           |    96 |   142 |   249 |   418 ||   905
       Headbutt          |     7 |    16 |    58 |   124 ||   205
       Flail             |       |       |       |    87 ||    87
Invok: Heroism           |       |       |     6 |    10 ||    16
       Finesse           |       |       |       |     3 ||     3
Evoke: Wand              |       |       |       |     1 ||     1
  Use: Scroll            |       |    15 |     9 |    18 ||    42
       Potion            |       |     1 |     4 |     1 ||     6
 Stab: Sleeping          |       |       |       |     3 ||     3
  Eat: Chunk             |     2 |    14 |    11 |    10 ||    37
       Fruit             |       |     2 |       |       ||     2
Armor: Scale mail        |    39 |    60 |    28 |       ||   127
       Chain mail        |       |       |    11 |       ||    11
       Troll leather arm |       |       |    36 |    21 ||    57
       Shadow dragon sca |       |       |       |   249 ||   249
Dodge: Dodged            |    30 |    39 |    86 |   132 ||   287
Block: Shield            |    50 |    74 |   122 |   250 ||   496

Vault maps used:
D:1:      dpeg_arrival_circle_labyrinth_c
D:2:      nicolae_qazlal_style_of_elements, first_bread
D:3:      tgw_kikubaaqudgha
D:4:      gammafunk_temple_overflow_statue
D:5:      interstate_on_off, hangedman_abyss_or_decor_stagger, uniq_duvessa
D:6:      basic_altar
D:7:      hangedman_cross_stitches
D:8:      kennysheep_mini, basic_altar
D:9:      nicolae_gozag_seed_capital, lair_entry_dummy, serial_park,
          serial_park_tiny_1, uniq_joseph
D:10:     serial_bayou, serial_bayou_shore_b, serial_bayou_pond_d,
          serial_bayou_pond_a, serial_bayou_ford_a, serial_bayou_pond_a,
          serial_bayou_pond_b
Temple:   regret_index_temple_sphere_string
Lair:1:   columned_hall_lemuel, infiniplex_staircase_pool
Lair:2:   statuecave_lemuel, guppyfry_snake_entry_island
Lair:3:   beast_lair_carwin_large_2, special_room, serial_bayou_shore_b,
          grunt_megastairs_1
Lair:4:   swamp_mist, enter_volcano_3, basic_altar, st_stairs_5,
          beast_lair_carwin_2
Lair:6:   hangedman_lair_tendril_chambers, minmay_slime_entry_pillars

Table legend:
 A = Turns spent in this place as a percentage of turns spent in the entire game.
 B = Non-inter-level travel turns spent in this place as a percentage of non-inter-level travel turns spent in the entire game.
 C = Inter-level travel turns spent in this place as a percentage of turns spent in this place.
 D = Turns resting spent in this place as a percentage of non-inter-level travel turns spent in this place.
 E = Turns spent auto-exploring this place as a percentage of non-inter-level travel turns spent in this place.
 F = Non-inter-level travel turns spent in this place divided by the number of levels of this place that you've seen.
                   A       B       C       D       E      F
               +-------+-------+-------+-------+-------+----------------------
         Total | 100.0 | 100.0 |   0.8 |   2.7 |  12.2 | 166.0
       Dungeon |  57.6 |  57.4 |   1.1 |   2.8 |  14.6 | 162.0
        Temple |   0.5 |   0.5 |   6.7 |   0.0 |  35.7 |  14.0
          Lair |  41.9 |  42.1 |   0.3 |   2.7 |   8.6 | 198.0
               +-------+-------+-------+-------+-------+----------------------

Table legend:
 A = Kills in this place as a percentage of kills in entire the game.
 B = Kills by you in this place as a percentage of kills by you in the entire game.
 C = Kills by friends in this place as a percentage of kills by friends in the entire game.
 D = Other kills in this place as a percentage of other kills in the entire game.
 E = Experience gained in this place as a percentage of experience gained in the entire game.
 F = Experience gained in this place divided by the number of levels of this place that you have seen.
                   A       B       C       D       E      F
               +-------+-------+-------+-------+-------+----------------------
         Total | 100.0 | 100.0 |  -nan |  -nan | 100.0 | 1972.4
       Dungeon |  62.5 |  62.5 |  -nan |  -nan |  25.6 | 856.9
          Lair |  37.5 |  37.5 |  -nan |  -nan |  74.4 | 4160.3
               +-------+-------+-------+-------+-------+----------------------
